 Dungeon Crawl Stone Soup version 0.18.1-48-g4cf74bf (webtiles) character file.

252112 dvd the Lord of Darkness (level 18, -9/129 HPs)
             Began as a Demonspawn Necromancer on Sept 9, 2016.
             Was the Champion of Kikubaaqudgha.
             Shot with an arrow by a deep elf master archer (21 damage)
             ... on level 3 of the Elven Halls on Sept 11, 2016.
             The game lasted 06:07:12 (41771 turns).

dvd the Lord of Darkness (Demonspawn Necromancer)  Turns: 41771, Time: 06:07:13

Health: -9/129     AC: 27    Str: 23    XL:     18   Next: 95%
Magic:  53/56      EV: 13    Int: 20    God:    Kikubaaqudgha [******]
Gold:   1084       SH:  0    Dex: 14    Spells: 11 memorised, 8 levels left

rFire  + . .     SeeInvis +     a - +9 quarterstaff (chaos)
rCold  + + +     Gourm    .     m - +4 chain mail of Vlad {rC+ rN+ MP+9}
rNeg   + + +     Faith    .     (shield currently unavailable)
rPois  +         Spirit   .     (helmet unavailable)
rElec  +         Dismiss  +     y - +2 cloak {MR+}
rCorr  .         Reflect  .     d - +1 pair of gloves {Str+3}
SustAt .         Harm     .     B - +1 pair of boots "Umug Tafad" {rElec MP+9 Str+2}
MR     ++...     NoTele   +     l - amulet of Cekugob {Dismiss -Tele rElec rPois rN++ AC+1 EV+1}
Stlth  +.........               H - ring "Pocyxiza" {rF+ rC+ Stlth+}
                                Y - ring of see invisible

@: mighty, death channel, regenerating, studying Staves, very resistant to
hostile enchantments, very unstealthy
A: horns 3, icy blue scales 3, demonic guardian 2, mutation resistance 1,
powered by pain 3, augmentation 1
a: Receive Corpses, Torment, Renounce Religion
}: 2/15 runes: serpentine, barnacled


You were on level 3 of the Elven Halls.
You worshipped Kikubaaqudgha.
Kikubaaqudgha was exalted by your worship.
You were very hungry.

You visited 7 branches of the dungeon, and saw 37 of its levels.
You visited 1 bazaar.
You also visited: Labyrinth and Trove.

You collected 3465 gold pieces.
You spent 2381 gold pieces at shops.

Inventory:

Hand Weapons
 a - a +9 quarterstaff of chaos (weapon)
 A - the +8 lance "Wyrmbane" {slay drac, +Rage rPois rF+ AC+5}
   (You found it on level 14 of the Dungeon)

   It affects your AC (+5).
   It protects you from fire.
   It protects you from poison.
   It lets you go berserk.
 M - the +6 dagger of Circularity {flame, rN+++ MR- MP+9 SInv}
   (You found it on level 6 of the Dungeon)

   It has been specially enchanted to burn those struck by it, causing extra
   injury to most foes and up to half again as much damage against particularly
   susceptible opponents.
   It renders you almost immune to negative energy.
   It affects your resistance to hostile enchantments.
   It affects your magic capacity (+9).
   It lets you see invisible.
Armour
 d - a +1 pair of gloves of strength (worn)
 m - the +4 chain mail of Vlad (worn) {rC+ rN+ MP+9}
   (You found it in a treasure trove)

   It protects you from cold.
   It protects you from negative energy.
   It affects your magic capacity (+9).
 y - a +2 cloak of magic resistance (worn)
 B - the +1 pair of boots "Umug Tafad" (worn) {rElec MP+9 Str+2}
   (You found it in a treasure trove)

   It affects your strength (+2).
   It insulates you from electricity.
   It affects your magic capacity (+9).
Rods
 e - a +9 lightning rod (3/16)
   (You took it off a minotaur in a labyrinth)
Jewellery
 i - an uncursed ring of fire
 l - the amulet of Cekugob (around neck) {Dismiss -Tele rElec rPois rN++ AC+1 EV+1}
   (You found it in a labyrinth)

   [amulet of dismissal]

   It may teleport away creatures that harm you.
   It affects your AC (+1).
   It affects your evasion (+1).
   It insulates you from electricity.
   It protects you from poison.
   It greatly protects you from negative energy.
   It prevents most forms of teleportation.
 n - a +4 ring of evasion
 t - an uncursed ring of resist corrosion
 z - the ring "Owuomalo" {rC+ Str+3}
   (You found it on level 4 of the Shoals)

   [ring of protection from cold]

   It affects your strength (+3).
   It protects you from cold.
 H - the ring "Pocyxiza" (right hand) {rF+ rC+ Stlth+}
   (You bought it in a shop in a bazaar)

   [ring of protection from cold]

   It protects you from fire.
   It protects you from cold.
   It makes you more stealthy.
 J - an uncursed amulet of magic regeneration
 X - an uncursed ring of protection from fire
 Y - a ring of see invisible (left hand)
Wands
 b - a wand of flame (19/48)
 o - a wand of lightning (7/15)
 r - a wand of iceblast (13/15)
 x - a wand of digging (16/24)
 D - a wand of acid (9/15)
 K - a wand of lightning (10/15)
 L - a wand of hasting (5/9)
 O - a wand of acid (5/15)
 S - a wand of iceblast (10/15)
Scrolls
 h - 18 scrolls of remove curse
 j - 17 scrolls of identify
 q - 2 scrolls of magic mapping
 s - 15 scrolls of teleportation
 v - 5 scrolls of fog
 P - a scroll of blinking
 V - 5 scrolls of fear
Potions
 f - 3 potions of might
 g - 2 potions of flight
 k - 2 potions of haste
 p - 5 potions of magic
 u - a potion of resistance
 E - a potion of invisibility
 F - 9 potions of curing
 G - 6 potions of cure mutation
 I - 3 potions of cancellation
 Q - a potion of brilliance
Books
 C - a manual of Staves
 N - a book of Enchantments

   Spells                             Type                      Level
   a - Cause Fear                     Hexes                        4
   b - Yara's Violent Unravelling     Hexes/Transmutation          5
   c - Silence                        Hexes/Air                    5
   d - Deflect Missiles               Charms/Air                   6
   e - Haste                          Charms                       6
   f - Discord                        Hexes                        8
 Z - a book of Unlife

   Spells                             Type                      Level
   a - Recall                         Summoning/Translocation      3
   b - Animate Dead                   Necromancy                   4
   c - Control Undead                 Necromancy                   4
   d - Cigotuvi's Embrace             Necromancy                   5
   e - Death Channel                  Necromancy                   6
   f - Simulacrum                     Ice/Necromancy               6
Comestibles
 c - 21 bread rations
 w - 39 fruits
 R - 9 meat rations
 T - 2 chunks of flesh


   Skills:
 + Level 8.2 Fighting
 + Level 0.6(6.2) Polearms
 * Level 9.9 Staves
 + Level 7.3 Armour
 + Level 9.8 Dodging
 + Level 6.7 Stealth
 + Level 16.8 Spellcasting
 * Level 8.5 Charms
 + Level 6.6 Summonings
 + Level 18.8 Necromancy
 + Level 5.2 Translocations
 * Level 5.0 Air Magic
 + Level 3.4 Evocations


You had 8 spell levels left.
You knew the following spells:

 Your Spells              Type           Power        Failure   Level  Hunger
a - Infusion              Chrm           ####         1%          1    None
b - Vampiric Draining     Necr           #######...   1%          3    None
c - Regeneration          Chrm/Necr      ######....   1%          3    None
d - Animate Dead          Necr           N/A          1%          4    None
f - Control Undead        Necr           #######...   1%          4    None
g - Sublimation of Blood  Necr           #######...   0%          2    None
h - Dispel Undead         Necr           #######.     1%          5    ###....
i - Agony                 Necr           #######.     1%          5    ###....
j - Death Channel         Necr           #######...   1%          6    #####..
l - Recall                Summ/Tloc      N/A          8%          3    None
m - Deflect Missiles      Chrm/Air       #####.....   99%         6    #####..


Dungeon Overview and Level Annotations

Branches:
Dungeon (15/15)            Temple (1/1) D:4            Lair (8/8) D:11
 Shoals (4/4) Lair:5        Snake (4/4) Lair:6        Slime (0/6) Lair:7
    Orc (2/2) D:10            Elf (3/3) Orc:2        Vaults (0/5) D:13
 Depths (0/5) D:15

Altars:
Ashenzari
Cheibriados
Dithmenos
Elyvilon
Fedhas
Gozag
Kikubaaqudgha
Makhleb
Nemelex Xobeh
Okawaru
Pakellas
Qazlal
Ru
Sif Muna
Trog
Vehumet
Xom
Yredelemnul
Zin
The Shining One
Beogh

Shops:
D:9 [   Orc:2 (??:=   Elf:3 [   Snake:2 *   Snake:3 *

Annotations:
Snake:2 Vashnia


Innate Abilities, Weirdness & Mutations

You have a pair of large horns on your head.
You are completely covered in icy blue scales (AC +4, EV -1, rC+).
A demonic guardian rushes to your aid.
You are powered by pain.
Your magical and physical power is slightly enhanced at high health.
You are somewhat resistant to further mutation.


Message History

The deep elf death mage barely misses your deep elf knight.
The Executioner hits your elf zombie!!
The Executioner barely misses your elf zombie.
The Executioner hits your elf zombie.
The earth elemental hits your deep elf archer.
Your deep elf archer dies!
Your deep elf archer's corpse dissolves into shadows!
Your elf zombie hits the Executioner with a long sword.
The deep elf death mage is empowered by something's aura!
Drink which item? (? for menu, Esc to quit)
You feel better.
The deep elf elementalist closely misses your deep elf knight.
Your deep elf knight closely misses the ghostly deep elf blademaster.
The ghostly deep elf blademaster hits you but does no damage.
The ghostly deep elf blademaster hits you with a short sword!
* * * LOW HITPOINT WARNING * * *
The deep elf master archer shoots an arrow.
The arrow hits you!!
You die...
Kikubaaqudgha rasps: "You have failed me!
Welcome... death!"

#.# ##.<...#
#.####......#
.........)..#
#.###....∩.(# #.#
#.#....(# ### e.
#.# #.##e..)#
##.## #e4 #
##...###...###e.e
##....##.3*1Z#e)x
#....E.@eeee((eee
+....E##(ee(.#e
#.....###e))##
##....# ##.##
##...# ### ##..#
##+#


You could see a ghostly deep elf blademaster, 2 deep elf master archers, a deep
elf annihilator, 2 deep elf death magi, a ghostly deep elf death mage, an
Executioner, a deep elf elementalist, a deep elf high priest, 2 earth
elementals, a lost soul, a friendly soul eater, a friendly deep elf archer, a
friendly deep elf knight (invisible) and a friendly elf zombie.

Vanquished Creatures
  Rupert (D:14)
  A deep elf blademaster (Elf:3)
  4 greater nagas (Snake:4)
  Louise (Shoals:2)
  A deep elf elementalist (Elf:3)
  A deep elf demonologist (Elf:3)
  2 merfolk impalers (Shoals:4)
  2 merfolk javelineers
  A minotaur (Lab)
  Fannar (Lair:1)
  3 vault guards (D:13)
  A rakshasa (D:15)
  2 hydras
  A hydra (shapeshifter) (D:15)
  9 naga warriors
  An alligator snapping turtle (Shoals:4)
  2 centaur warriors
  A merfolk aquamancer (Shoals:4)
  A catoblepas (Lair:8)
  6 anacondas
  A death knight (D:13)
  A queen ant (shapeshifter) (D:14)
  A queen ant (Lair:2)
  5 death yaks
  18 dancing weapons
  A tengu warrior (D:13)
  17 naga sharpshooters
  8 shock serpents
  Sonja (D:13)
  Nergalle (Lair:3)
  A fire crab (D:13)
  A fire crab (shapeshifter) (D:10)
  4 deep elf knights
  An unseen horror (D:12)
  2 salamander mystics (Snake:4)
  8 sea snakes
  5 deep elf archers
  3 naga ritualists (Snake:4)
  2 harpies
  Pikel (D:8)
  3 hill giants
  6 mana vipers
  An orc knight (D:15)
  The ghost of Skwishie the Gouger, a novice FeMo of Ru (D:8)
  3 griffons
  3 orc sorcerers (Orc:2)
  32 deep elf magi
  3 ugly things
  5 manticores
  5 fauns
  A salamander (shapeshifter) (Elf:2)
  2 oklob plants (Lair:7)
  6 cyclopes
  4 salamanders
  19 black mambas
  4 guardian serpents
  3 sirens
  4 centaur zombies
  A water nymph (Shoals:4)
  7 elephants
  15 naga magi
  4 spiny frogs
  2 gargoyles
  3 komodo dragons
  2 rime drakes
  A kobold demonologist (D:15)
  2 efreet
  A freezing wraith (D:14)
  A rime drake (shapeshifter) (D:15)
  A tengu conjurer (D:13)
  14 merfolk
  2 wind drakes (Shoals:4)
  6 trolls
  12 slime creatures
  3 snapping turtles
  13 blink frogs
  2 air elementals (Elf:3)
  A redback (Lab)
  A tarantella (shapeshifter) (D:13)
  A shadow (D:15)
  A tarantella (Lair:5)
  4 wraiths
  9 water elementals
  A fire bat (Lair:4)
  2 vampires
  4 hippogriffs
  10 yaks
  A wyvern (D:8)
  4 fire elementals
  A basilisk (Lair:8)
  2 steam dragons
  A hungry ghost (D:9)
  5 vampire mosquitoes
  Edmund (D:4)
  38 nagas
  6 soldier ants
  5 wargs
  16 water moccasins
  13 porcupines
  16 orc warriors
  5 ice beasts
  A sky beast (D:12)
  3 black bears
  A wasp (D:8)
  2 eyes of draining
  5 boggarts (D:15)
  6 ogres
  7 wolves
  13 centaurs
  18 crocodiles
  8 big kobolds
  11 giant frogs
  A wyvern zombie (D:13)
  2 wyvern skeletons
  6 scorpions
  11 killer bees (D:11)
  4 electric eels
  5 howler monkeys
  4 jellies
  A vampire bat (D:13)
  7 crimson imps
  4 giant frog zombies
  6 hounds
  44 orc wizards
  7 orc priests
  4 centaur skeletons
  Crazy Yiuf (D:2)
  4 giant frog skeletons
  14 iguanas
  Jessica (D:2)
  12 worker ants
  A hell rat (shapeshifter) (D:6)
  A killer bee zombie (D:8)
  28 sheep
  5 ogre zombies (D:10)
  2 hound zombies
  10 adders
  40 river rats
  7 shadow imps
  2 white imps (Lair:6)
  An ooze (D:2)
  2 adder skeletons
  4 worms
  4 dart slugs
  4 giant geckos
  82 orcs
  4 giant cockroaches
  15 goblins
  8 hobgoblins
  12 jackals
  2 quokkas
  12 bats
  6 giant newts
  2 goblin zombies (D:10)
  A hobgoblin skeleton (D:10)
  5 hobgoblin zombies (D:10)
  23 kobolds
  3 orc skeletons (D:10)
  8 orc zombies (D:10)
  8 rats
  A fungus (Lair:6)
  3 plants (Lair:8)
988 creatures vanquished.

Vanquished Creatures (collateral kills)
  Polyphemus (Shoals:4)
  A kraken (Shoals:4)
  10 greater nagas
  Ilsuiw (Shoals:4)
  An orc warlord (Orc:2)
  Aizul (Snake:2)
  A deep elf demonologist (Elf:1)
  4 merfolk javelineers (Shoals:4)
  Snorg (D:14)
  A deep elf death mage (Elf:3)
  9 merfolk impalers
  A vault guard (D:13)
  24 naga warriors
  An ice dragon (Lair:6)
  4 anacondas (Snake:4)
  2 merfolk avatars
  6 merfolk aquamancers
  A catoblepas (Shoals:4)
  5 hydras
  A centaur warrior (D:14)
  A death knight (D:14)
  4 dancing weapons
  7 death yaks
  3 satyrs
  An alligator snapping turtle (Shoals:4)
  5 shock serpents
  3 deep elf knights
  14 naga sharpshooters
  A salamander mystic (Snake:4)
  8 sea snakes
  3 hill giants
  4 deep elf archers (Elf:1)
  10 harpies
  4 orc sorcerers (Orc:2)
  9 naga ritualists
  12 deep elf magi
  4 ugly things (D:15)
  6 mana vipers
  7 griffons
  6 fauns (Shoals:1)
  10 salamanders
  4 manticores
  7 sirens
  5 elephants
  4 water nymphs
  17 black mambas
  3 centaur zombies
  5 guardian serpents
  10 naga magi
  Joseph (D:7)
  4 spiny frogs
  A gargoyle (Lab)
  4 centaur skeletons
  A yaktaur (D:15)
  2 komodo dragons
  12 merfolk
  2 trolls
  A two-headed ogre (D:8)
  A polar bear (Lair:6)
  17 blink frogs
  4 slime creatures
  A two-headed ogre (shapeshifter) (D:15)
  A boulder beetle (Lair:7)
  4 wind drakes
  6 snapping turtles
  An air elemental (Elf:1)
  7 yaks
  A wraith (D:10)
  13 water elementals
  A basilisk (Lair:4)
  2 fire bats (Lair:4)
  5 hippogriffs
  5 vampire mosquitoes
  3 wargs (Orc:2)
  67 nagas
  7 soldier ants (Lair:2)
  3 water moccasins
  5 porcupines
  2 orc warriors (Orc:2)
  An ice beast (D:10)
  A sky beast (D:15)
  An ogre (Orc:1)
  6 wolves
  5 centaurs
  5 crocodiles
  6 giant frogs
  A wyvern zombie (D:14)
  2 earth elementals
  2 troll zombies (D:10)
  3 wights (D:11)
  A crimson imp (D:8)
  A quasit (D:8)
  7 orc priests
  2 hounds (D:10)
  A jelly (D:13)
  12 orc wizards
  3 iguanas
  12 worker ants
  An ogre zombie (D:10)
  7 sheep
  7 river rats (Lair:1)
  A shadow imp (D:6)
  12 orcs
  2 bats (D:13)
  A quokka (D:8)
  A hobgoblin zombie (D:10)
  5 orc zombies (D:10)
  2 butterflies (Lair:1)
  3 crawling corpses (Elf:3)
  3 fungi
  12 plants
566 creatures vanquished.

Vanquished Creatures (others)
  A deep elf sorcerer (Elf:3)
  A deep elf elementalist (Elf:3)
  A deep elf death mage (Elf:3)
  An orc sorcerer (Orc:2)
  A siren (Shoals:3)
  A naga mage (Snake:4)
  An eye of devastation (shapeshifter) (D:15)
  A naga (Snake:4)
  A slave (D:8)
  A big kobold (D:9)
  A giant frog (D:4)
  3 orc wizards (Orc:2)
  An orc (Orc:2)
  2 kobolds (D:9)
  A jackal skeleton (D:8)
  A bush (Lair:7)
  10 fungi
  18 plants
  12 tentacles (Shoals:4)
  259 tentacle segments (Shoals:4)
318 creatures vanquished.

Grand Total: 1872 creatures vanquished

Notes
Turn   | Place    | Note
--------------------------------------------------------------
     0 | D:1      | dvd the Demonspawn Necromancer began the quest for the Orb.
     0 | D:1      | Reached XP level 1. HP: 13/13 MP: 3/3
   306 | D:1      | Gained mutation: You have a pair of small horns on your head. [demonic ancestry]
   306 | D:1      | Reached XP level 2. HP: 16/19 MP: 0/5
   857 | D:1      | Reached XP level 3. HP: 22/24 MP: 3/6
   879 | D:1      | Learned a level 3 spell: Vampiric Draining
  1173 | D:2      | Found a snail-covered altar of Cheibriados.
  1231 | D:2      | Learned a level 3 spell: Regeneration
  1324 | D:2      | Noticed Jessica
  1328 | D:2      | Reached skill level 5 in Necromancy
  1540 | D:2      | Noticed Crazy Yiuf
  1546 | D:2      | Killed Crazy Yiuf
  1546 | D:2      | Reached XP level 4. HP: 27/30 MP: 1/8
  2108 | D:2      | Killed Jessica
  2108 | D:2      | Gained mutation: You sometimes gain a little power by taking damage. [demonic ancestry]
  2108 | D:2      | Reached XP level 5. HP: 15/35 MP: 0/9
  2459 | D:2      | Found a shimmering altar of Xom.
  2656 | D:3      | Found a faded altar to an unknown god.
  2703 | D:3      | Found an iron altar of Okawaru.
  2904 | D:3      | Found a shattered altar of Ashenzari.
  3085 | D:4      | Found a staircase to the Ecumenical Temple.
  3164 | D:4      | Reached skill level 1 in Fighting
  3178 | D:4      | Reached skill level 6 in Necromancy
  3178 | D:4      | Gained mutation: A weak demonic guardian rushes to your aid. [demonic ancestry]
  3178 | D:4      | Reached XP level 6. HP: 28/43 MP: 11/11
  3294 | D:4      | Noticed Edmund
  3322 | D:4      | Killed Edmund
  3739 | D:4      | Reached skill level 1 in Staves
  3755 | D:4      | Reached XP level 7. HP: 19/48 MP: 1/13
  3884 | D:4      | Learned a level 4 spell: Animate Dead
  3959 | D:4      | Reached skill level 7 in Necromancy
  4019 | D:4      | Found an ancient bone altar of Kikubaaqudgha.
  4155 | D:4      | Reached skill level 5 in Spellcasting
  4196 | D:4      | Reached skill level 1 in Charms
  4337 | D:4      | Found a radiant altar of Vehumet.
  4339 | D:4      | Found a deep blue altar of Sif Muna.
  4346 | D:4      | Identified Sif Muna's Guide on Protection
  4360 | D:4      | Learned a level 1 spell: Infusion
  4365 | D:4      | Learned a level 4 spell: Control Undead
  4371 | D:4      | Became a worshipper of Kikubaaqudgha
  4488 | Temple   | Entered the Ecumenical Temple
  4716 | D:5      | Entered Level 5 of the Dungeon
  4875 | D:5      | Found a blossoming altar of Fedhas.
  5068 | D:5      | Gained mutation: A demonic guardian rushes to your aid. [demonic ancestry]
  5068 | D:5      | Reached XP level 8. HP: 48/54 MP: 11/16
  5309 | D:5      | Found a bloodstained altar of Trog.
  5311 | D:5      | Found an oddly glowing altar of Pakellas.
  5313 | D:5      | Found a glowing golden altar of the Shining One.
  5641 | D:6      | Found a burning altar of Makhleb.
  5694 | D:6      | Got a fine dagger
  5695 | D:6      | Identified the +6 dagger of Circularity {flame, rN+++ MR- MP+9 SInv} (You found it on level 6 of the Dungeon)
  6202 | D:6      | Reached skill level 8 in Necromancy
  6627 | D:7      | Noticed Joseph
  6637 | D:7      | Killed Joseph
  6637 | D:7      | Gained mutation: You are partially covered in icy blue scales (AC +1). [demonic ancestry]
  6637 | D:7      | Reached XP level 9. HP: 57/62 MP: 15/18
  7424 | D:8      | Reached * piety under Kikubaaqudgha
  7424 | D:8      | Received a gift from Kikubaaqudgha
  7427 | D:8      | Identified Kikubaaqudgha's Grimoire of Necromancy (Kikubaaqudgha gifted it to you on level 8 of the Dungeon)
  7451 | D:8      | Noticed Pikel
  7456 | D:8      | Killed Pikel
  7519 | D:8      | Noticed Skwishie's ghost (novice FeMo)
  7891 | D:9      | Found a shadowy altar of Dithmenos.
  8000 | D:9      | Reached skill level 5 in Dodging
  8000 | D:9      | Reached skill level 9 in Necromancy
  8321 | D:9      | Found Petuh's Antique Armour Boutique.
  8330 | D:9      | Bought a translucent scale mail for 225 gold pieces
  8348 | D:9      | Identified the +0 scale mail of Vurghec {rPois} (You bought it in a shop on level 9 of the Dungeon)
  8569 | D:9      | Reached skill level 1 in Armour
  8793 | D:9      | Reached ** piety under Kikubaaqudgha
  8858 | D:8      | Reached XP level 10. HP: 59/70 MP: 13/21
  9544 | D:8      | Found a radiant altar of Vehumet.
  9665 | D:8      | Killed Skwishie's ghost
  9958 | D:9      | Bought a runed scale mail for 100 gold pieces
 10031 | D:10     | Entered Level 10 of the Dungeon
 10200 | D:10     | Noticed a hill giant
 10222 | D:10     | Killed a hill giant
 10231 | D:10     | Noticed a fire crab
 10231 | D:10     | a hippogriff changed into a fire crab
 10234 | D:10     | Killed a fire crab
 10420 | D:10     | Found a staircase to the Orcish Mines.
 10725 | D:10     | Noticed a hill giant
 10734 | D:10     | Killed a hill giant
 11090 | D:11     | Noticed a hill giant
 11110 | D:10     | Killed a hill giant
 11110 | D:10     | Reached skill level 10 in Necromancy
 11246 | D:11     | Learned a level 2 spell: Sublimation of Blood
 11343 | D:11     | Noticed a manticore
 11354 | D:11     | Killed a manticore
 11445 | D:11     | Found a portal to a secret trove of treasure.
 11670 | D:11     | Reached XP level 11. HP: 77/77 MP: 23/23
 11696 | D:11     | Reached *** piety under Kikubaaqudgha
 11696 | D:11     | Received a gift from Kikubaaqudgha
 11697 | D:11     | Identified Kikubaaqudgha's Catalogue of Evil Secrets (Kikubaaqudgha gifted it to you on level 11 of the Dungeon)
 11704 | D:11     | Learned a level 5 spell: Dispel Undead
 12006 | D:11     | Reached skill level 5 in Stealth
 12293 | D:11     | Found a staircase to the Lair.
 12305 | Lair:1   | Entered Level 1 of the Lair of Beasts
 12305 | Lair:1   | Noticed Fannar
 12313 | Lair:1   | Killed Fannar
 12493 | Lair:1   | Reached skill level 11 in Necromancy
 13470 | Lair:2   | Reached **** piety under Kikubaaqudgha
 13590 | Lair:2   | Learned a level 5 spell: Agony
 13835 | Lair:2   | Reached skill level 10 in Spellcasting
 13851 | Lair:2   | Noticed a queen ant
 13876 | Lair:2   | Killed a queen ant
 14073 | Lair:2   | Reached skill level 12 in Necromancy
 14169 | Lair:2   | Reached skill level 5 in Fighting
 14187 | Lair:2   | Reached ***** piety under Kikubaaqudgha
 14196 | Lair:2   | Noticed a harpy
 14196 | Lair:2   | a soldier ant changed into a harpy
 14199 | Lair:2   | Killed a harpy
 14199 | Lair:2   | Gained mutation: You sometimes gain power by taking damage. [demonic ancestry]
 14199 | Lair:2   | Reached XP level 12. HP: 33/86 MP: 1/26
 14604 | Lair:3   | Noticed a six-headed hydra
 15037 | Lair:3   | Killed a six-headed hydra
 15264 | Lair:3   | Noticed Nergalle
 15305 | Lair:3   | Noticed a six-headed hydra
 15313 | Lair:2   | HP: 3/86 [six-headed hydra (3)]
 15314 | Lair:2   | Killed a six-headed hydra
 15539 | Lair:3   | Killed Nergalle
 16056 | Lair:4   | Found a blossoming altar of Fedhas.
 16951 | Lair:5   | Found a labyrinth entrance.
 17042 | Lab      | Entered a labyrinth
 17485 | Lab      | Noticed a minotaur
 17498 | Lab      | Killed a minotaur
 17498 | Lab      | Reached skill level 13 in Necromancy
 17509 | Lab      | Got a fine leather armour
 17520 | Lab      | Identified the +2 leather armour "Soufuleg" {Str+5 Int+4} (You found it in a labyrinth)
 17736 | Lair:5   | Noticed a death yak
 17737 | Lair:5   | Noticed a death yak
 17738 | Lair:5   | Noticed a death yak
 17741 | Lair:5   | Noticed a death yak
 17741 | Lair:5   | Noticed a five-headed hydra
 17747 | Lair:5   | Killed a death yak
 17748 | Lair:5   | Killed a five-headed hydra
 17925 | Lair:5   | Killed a death yak
 17925 | Lair:5   | Gained mutation: You have a pair of horns on your head. [demonic ancestry]
 17925 | Lair:5   | Reached XP level 13. HP: 77/93 MP: 3/28
 17953 | Lair:5   | Found a staircase to the Shoals.
 17964 | Lair:5   | Reached skill level 1 in Evocations
 18087 | Lair:5   | Gained mutation: You are somewhat resistant to further mutation. [potion of mutation]
 18826 | Lair:6   | Reached skill level 5 in Staves
 18841 | Lair:6   | Found a staircase to the Snake Pit.
 19830 | Lair:7   | Found a staircase to the Slime Pits.
 20420 | Lair:8   | Entered Level 8 of the Lair of Beasts
 20517 | Lair:8   | Reached skill level 14 in Necromancy
 21830 | Lair:8   | Gained mutation: You have a pair of large horns on your head. [demonic ancestry]
 21830 | Lair:8   | Reached XP level 14. HP: 98/101 MP: 30/30
 21884 | Lair:8   | Identified Boyzeby's Last Secrets of Witchcraft (You found it on level 8 of the Lair of Beasts)
 22088 | Lair:5   | Learned a level 5 spell: Cigotuvi's Embrace
 22094 | Lair:5   | Learned a level 5 spell: Excruciating Wounds
 22272 | Orc:1    | Entered Level 1 of the Orcish Mines
 22563 | Orc:2    | Entered Level 2 of the Orcish Mines
 22727 | Orc:2    | Reached ****** piety under Kikubaaqudgha
 22832 | Orc:2    | Paralysed by an orc sorcerer for 7 turns
 22961 | Orc:2    | Found a roughly hewn altar of Beogh.
 23132 | Orc:2    | Found Ver Urie's Magic Scroll Shoppe.
 23132 | Orc:2    | Found Tiuthrila's Weapon Shop.
 23173 | Orc:2    | Noticed an orc warlord
 23367 | Orc:2    | Found Esoleut's Book Shoppe.
 23367 | Orc:2    | Found Jausmomu's Magic Scroll Shop.
 23382 | Orc:2    | Received a gift from Kikubaaqudgha
 23401 | Orc:2    | Bought 3 scrolls of enchant weapon for 270 gold pieces
 23401 | Orc:2    | Bought a scroll of enchant weapon for 90 gold pieces
 23452 | Orc:2    | Bought a scroll of enchant weapon for 120 gold pieces
 23511 | Orc:2    | Found Ysaby's Jewellery Boutique.
 23613 | Orc:2    | Killed an orc warlord
 23921 | Orc:2    | Found a staircase to the Elven Halls.
 24226 | Orc:1    | Found a deep blue altar of Sif Muna.
 24259 | Orc:1    | Identified Sif Muna's Almanac of Clay
 25093 | D:12     | Reached skill level 15 in Necromancy
 25463 | D:13     | Noticed Sonja
 25468 | D:13     | Killed Sonja
 25818 | D:13     | Found a gate to the Vaults.
 26716 | D:14     | Noticed Snorg
 26726 | D:14     | Killed Snorg
 26786 | D:14     | Gained mutation: Your magical and physical power is slightly enhanced at high health. [demonic ancestry]
 26786 | D:14     | Reached XP level 15. HP: 87/108 MP: 21/32
 26867 | D:11     | You paid a toll of 7 scrolls of blinking to enter a treasure trove
 26868 | Trove    | Entered a treasure trove
 26887 | Trove    | Got a transparent buckler
 26893 | Trove    | Identified the +2 buckler "Cyasic" {Dex+3} (You found it in a treasure trove)
 26900 | Trove    | Got a pair of heavily runed boots
 26911 | Trove    | Identified the +0 pair of boots of the Armoured One {rPois} (You found it in a treasure trove)
 26927 | Trove    | Got a slimy chain mail
 26938 | Trove    | Identified the +4 chain mail of Vlad {rC+ rN+ MP+9} (You found it in a treasure trove)
 26949 | Trove    | Got a heavily runed cloak
 26960 | Trove    | Identified the -1 cloak "Qeoss" {Dex+4} (You found it in a treasure trove)
 27049 | Trove    | Got a pair of faintly humming boots
 27060 | Trove    | Identified the +1 pair of boots "Umug Tafad" {rElec MP+9 Str+2} (You found it in a treasure trove)
 27063 | Trove    | Got a fabulously ornate robe
 27064 | Trove    | Identified the +0 robe of Boiling Hail {-Cast rPois Regen+ Int+2 SInv} (You found it in a treasure trove)
 27434 | Snake:1  | Entered Level 1 of the Snake Pit
 27439 | Snake:1  | Noticed a greater naga
 27455 | Snake:1  | Reached skill level 5 in Charms
 27536 | Snake:1  | Killed a greater naga
 27631 | Snake:1  | Found a flickering gateway to a bazaar.
 27645 | Bazaar   | Entered a bazaar
 27670 | Bazaar   | Found Fejevir's Jewellery Boutique.
 27675 | Bazaar   | Bought the ring "Pocyxiza" {rF+ rC+ Stlth+} for 334 gold pieces
 27675 | Bazaar   | Bought an uncursed amulet of magic regeneration for 240 gold pieces
 27703 | Bazaar   | Found Igyta's Gadget Shoppe.
 27729 | Bazaar   | Found Yfromaos's Antique Armour Boutique.
 27789 | Bazaar   | Found Myofit's Distillery.
 27826 | Bazaar   | Found Lesixos's Armour Emporium.
 27869 | Bazaar   | Bought a potion of curing for 45 gold pieces
 27869 | Bazaar   | Bought a potion of curing for 45 gold pieces
 27869 | Bazaar   | Bought a potion of curing for 45 gold pieces
 27869 | Bazaar   | Bought a potion of cure mutation for 375 gold pieces
 27869 | Bazaar   | Bought a potion of cure mutation for 375 gold pieces
 27869 | Bazaar   | Bought a potion of heal wounds for 75 gold pieces
 28189 | Snake:1  | Reached skill level 5 in Armour
 28659 | Snake:2  | Noticed Aizul
 28672 | Snake:2  | Killed Aizul
 28677 | Snake:2  | Reached skill level 16 in Necromancy
 28747 | Snake:2  | Noticed a greater naga
 29009 | Orc:2    | Bought a scroll of amnesia for 42 gold pieces
 29021 | Orc:2    | Learned a level 6 spell: Death Channel
 29025 | Orc:2    | Learned a level 3 spell: Recall
 29302 | Snake:2  | Reached skill level 1 in Summonings
 29402 | Snake:2  | Killed a greater naga
 29456 | Snake:2  | Found an iron altar of Okawaru.
 29622 | Snake:2  | Noticed Vashnia
 29670 | Snake:2  | Found Kamymeam's Assorted Antiques.
 30184 | Snake:3  | Reached skill level 1 in Translocations
 30629 | Snake:3  | Noticed a greater naga
 30644 | Snake:3  | Gained mutation: You are mostly covered in icy blue scales (AC +3, EV -1). [demonic ancestry]
 30644 | Snake:3  | Reached XP level 16. HP: 41/115 MP: 8/34
 30820 | Snake:3  | Found Jashrika's General Store.
 31359 | Snake:4  | Entered Level 4 of the Snake Pit
 31375 | Snake:4  | Got a pitted halberd
 31376 | Snake:4  | Identified the +8 halberd "Sealud" {freeze, Int+3} (You found it on level 4 of the Snake Pit)
 31467 | Snake:4  | Got a garnet-studded leather armour
 31468 | Snake:4  | Identified the +3 leather armour of Tulips {Dex+2} (You found it on level 4 of the Snake Pit)
 31748 | Snake:4  | Reached skill level 15 in Spellcasting
 31781 | Snake:4  | Reached skill level 17 in Necromancy
 31861 | Snake:4  | Reached skill level 5 in Summonings
 32936 | Snake:4  | Reached skill level 5 in Translocations
 33162 | Snake:4  | Gained mutation: You are powered by pain. [demonic ancestry]
 33162 | Snake:4  | Reached XP level 17. HP: 107/122 MP: 33/36
 33306 | Snake:4  | Got a serpentine rune of Zot
 34081 | D:14     | Noticed Rupert
 34099 | D:14     | Killed Rupert
 34380 | D:15     | Entered Level 15 of the Dungeon
 34472 | D:15     | Got a brightly glowing long sword
 34473 | D:15     | Identified the +6 long sword "Ugaac" {slice, rElec rF+ rN+} (You found it on level 15 of the Dungeon)
 35407 | D:15     | Found a staircase to the Depths.
 35899 | Shoals:1 | Entered Level 1 of the Shoals
 36862 | Shoals:2 | Reached skill level 18 in Necromancy
 36912 | Shoals:2 | Noticed Louise
 36938 | Shoals:2 | Killed Louise
 36986 | Shoals:2 | Learned a level 6 spell: Deflect Missiles
 37166 | Shoals:2 | Reached skill level 1 in Air Magic
 37986 | Shoals:4 | Entered Level 4 of the Shoals
 38045 | Shoals:4 | Noticed Ilsuiw
 38067 | Shoals:4 | Killed Ilsuiw
 38085 | Shoals:4 | Gained mutation: You are completely covered in icy blue scales (AC +4, EV -1, rC+). [demonic ancestry]
 38085 | Shoals:4 | Reached XP level 18. HP: 86/129 MP: 8/38
 38168 | Shoals:4 | Got a barnacled rune of Zot
 38426 | Shoals:4 | Got a sparkling granite ring
 38428 | Shoals:4 | Identified the ring "Owuomalo" {rC+ Str+3} (You found it on level 4 of the Shoals)
 38522 | Shoals:4 | Noticed Polyphemus
 38532 | Shoals:4 | Killed Polyphemus
 39272 | Elf:1    | Entered Level 1 of the Elven Halls
 39449 | Elf:1    | Got a brightly glowing scale mail
 39501 | Elf:1    | Identified the cursed +0 scale mail "Hiamicso" {rElec} (You found it on level 1 of the Elven Halls)
 39654 | Elf:1    | Noticed a Tzitzimitl
 39659 | Elf:1    | Noticed an Ice Fiend
 40572 | Elf:2    | Found a runed gate.
 40572 | Elf:2    | Found a runed gate.
 40591 | Elf:2    | Found a runed gate.
 41470 | Elf:3    | Entered Level 3 of the Elven Halls
 41643 | Elf:3    | Found Qoid's Antique Armour Shop.
 41744 | Elf:3    | Reached skill level 5 in Air Magic
 41771 | Elf:3    | Shot with an arrow by a deep elf master archer

Skill      XL: |  1  2  3  4  5  6  7  8  9 10 11 12 13 14 15 16 17 18 |
---------------+-------------------------------------------------------+-----
Dodging        | 2 3 4 5 6 7 8 9 |  9.8
Stealth        | 2 3 4 5 6 |  6.7
Necromancy     | 5 6 7 8 9 10 12 13 14 15 16 17 18 | 18.8
Spellcasting   | 3 4 5 6 7 8 10 11 12 13 14 15 16 | 16.8
Fighting       | 1 2 3 4 5 6 7 8 |  8.2
Staves         | 1 2 3 4 5 6 8 9 |  9.9
Charms         | 1 2 3 4 5 6 7 8 |  8.5
Armour         | 1 3 4 5 6 7 |  7.3
Evocations     | 2 3 |  3.4
Summonings     | 3 6 |  6.6
Translocations | 1 5 |  5.2
Air Magic      | 2 5 |  5.0
Polearms       | |  0.6

Action                   |  1- 3 |  4- 6 |  7- 9 | 10-12 | 13-15 | 16-18 || total
-------------------------+-------+-------+-------+-------+-------+-------++-------
Melee: Hand axe          |    29 |       |       |       |       |       ||    29
       Headbutt          |     3 |    10 |    29 |   106 |   212 |   194 ||   554
       Quarterstaff      |       |    75 |   228 |   574 |   858 |   775 ||  2510
       Dagger            |       |       |     2 |       |       |     8 ||    10
       Lance             |       |       |       |       |    30 |    81 ||   111
Throw: Javelin           |       |       |       |     1 |       |       ||     1
 Cast: Pain              |    55 |    61 |    50 |   118 |   140 |    38 ||   462
       Vampiric Draining |     3 |     8 |    37 |   130 |   244 |   244 ||   666
       Regeneration      |       |     6 |    19 |    47 |    71 |   109 ||   252
       Infusion          |       |       |    21 |    39 |    18 |    26 ||   104
       Animate Dead      |       |       |     7 |    45 |    81 |   105 ||   238
       Control Undead    |       |       |     2 |     8 |     8 |     7 ||    25
       Sublimation of Bl |       |       |       |    13 |    24 |    14 ||    51
       Dispel Undead     |       |       |       |     6 |     9 |    12 ||    27
       Agony             |       |       |       |     5 |    15 |     8 ||    28
       Excruciating Woun |       |       |       |       |    17 |    23 ||    40
       Cigotuvi's Embrac |       |       |       |       |     9 |       ||     9
       Death Channel     |       |       |       |       |    13 |    96 ||   109
       Recall            |       |       |       |       |     2 |    50 ||    52
       Deflect Missiles  |       |       |       |       |       |     5 ||     5
Invok: Receive Corpses   |       |       |       |     2 |     5 |     4 ||    11
       Torment           |       |       |       |     2 |     4 |       ||     6
       Receive Necronomi |       |       |       |       |     1 |       ||     1
 Abil: Evoke Flight      |       |       |       |       |     2 |       ||     2
Evoke: Wand              |       |       |       |     6 |    20 |     4 ||    30
       Rod               |       |       |       |    11 |    80 |    39 ||   130
  Use: Scroll            |     2 |       |    11 |     8 |    27 |    16 ||    64
       Potion            |       |       |    11 |     8 |    10 |    21 ||    50
 Stab: Petrifying        |       |     2 |     1 |     1 |     1 |     1 ||     6
       Sleeping          |       |     1 |     9 |     4 |     6 |     1 ||    21
       Paralysed         |       |       |     4 |     1 |     7 |       ||    12
       Distracted        |       |       |       |     4 |     8 |    20 ||    32
       Petrified         |       |       |       |     1 |       |       ||     1
  Eat: Chunk             |     3 |     7 |    23 |    32 |    44 |    55 ||   164
       Pizza             |       |       |     2 |     2 |       |     1 ||     5
       Beef jerky        |       |       |     1 |     1 |     2 |       ||     4
       Meat ration       |       |       |     2 |       |       |     1 ||     3
       Bread ration      |       |       |     2 |       |       |     1 ||     3
       Royal jelly       |       |       |       |     1 |     7 |     6 ||    14
       Fruit             |       |       |       |       |     3 |     3 ||     6
Armor: Robe              |     9 |    24 |    53 |    55 |       |       ||   141
       Scale mail        |       |       |    50 |   206 |       |       ||   256
       Leather armour    |       |       |       |    16 |   230 |       ||   246
       Chain mail        |       |       |       |       |   169 |   697 ||   866
Dodge: Dodged            |    31 |    50 |   180 |   567 |  1205 |   983 ||  3016
       Deflected         |       |       |       |       |       |    36 ||    36
Block: Other             |       |       |       |       |    21 |       ||    21
